 Dungeon Crawl Stone Soup version 0.24.0-28-g17ded55e90 (webtiles) character file.

Game seed: 7386323862084309726, levelgen mode: deterministic

8169 sking99 the Cleaver (level 11, -1/81 HPs)
             Began as a Demonspawn Fighter on Nov 11, 2019.
             Was a Believer of Qazlal.
             Slain by a harpy skeleton (7 damage)
             ... on level 10 of the Dungeon.
             The game lasted 00:20:37 (10861 turns).

sking99 the Cleaver (Demonspawn Fighter)           Turns: 10861, Time: 00:20:38

Health: -1/81      AC: 17    Str: 20    XL:     11   Next: 6%
Magic:  18/18      EV: 19    Int: 10    God:    Qazlal [**....]
Gold:   707        SH: 14    Dex: 12    Spells: 10/10 levels left

rFire    . . .     SeeInvis +   a - +0 war axe
rCold    . . .     Gourm    .   c - +0 shield
rNeg     . . .     Faith    .   s - +0 plate armour
rPois    .         Spirit   .   (helmet restricted)
rElec    .         Reflect  .   r - +1 cloak
rCorr    +         Harm     .   n - +1 pair of gloves
MR       .....                  (no boots)
Stlth    ..........             z - amulet of the acrobat
HPRegen  0.23/turn              E - ring of resist corrosion
MPRegen  0.16/turn              q - ring of see invisible

@: acrobat
A: horns 1, yellow scales 1, demonic guardian 1, powered by death 1
a: Upheaval, Renounce Religion


You were on level 10 of the Dungeon.
You worshipped Qazlal.
Qazlal was pleased with you.
You were hungry.

You visited 2 branches of the dungeon, and saw 11 of its levels.
You also visited: Ossuary.

You collected 707 gold pieces.

Inventory:

Hand Weapons
 a - a +0 war axe (weapon)
Armour
 c - a +0 shield (worn)
 n - a +1 pair of gloves (worn)
 r - a +1 cloak (worn)
 s - a +0 plate armour (worn)
Jewellery
 e - an uncursed ring of stealth
 q - a ring of see invisible (right hand)
 z - an amulet of the acrobat (around neck)
 C - an uncursed amulet of harm {unknown}
 E - a ring of resist corrosion (left hand)
Wands
 D - a wand of paralysis (7)
 I - a wand of polymorph (1)
 L - a wand of clouds (1)
 M - a wand of acid (10)
Scrolls
 h - a scroll of enchant weapon {unknown}
 m - 2 scrolls of fog
 p - 6 scrolls of remove curse
 t - a scroll of fear {unknown}
 v - 4 scrolls of enchant armour
 w - 4 scrolls of amnesia {unknown}
 y - 9 scrolls of identify
 F - 2 scrolls of blinking
 G - a scroll of noise {unknown}
 J - a scroll of immolation
Potions
 b - 3 potions of mutation
 d - 2 potions of magic {unknown}
 g - 5 potions of flight
 i - 3 potions of lignification {unknown}
 j - 3 potions of agility {unknown}
 k - 6 potions of curing
 l - 4 potions of heal wounds
 o - 3 potions of degeneration {unknown}
 u - 2 potions of brilliance
 x - a potion of might
 A - 4 potions of haste
 B - 2 potions of cancellation {unknown}
 H - a potion of ambrosia {unknown}
Comestibles
 f - 12 rations


   Skills:
 + Level 5.7 Fighting
 * Level 11.1 Axes
 - Level 2.6 Armour
 + Level 8.3 Shields
 + Level 9.5 Invocations


You had 10 spell levels left.
You didn't know any spells.
Your spell library contained the following spells:

 Spells                   Type           Power        Failure   Level  Hunger
 Confusing Touch          Hex            #.....       100%        1    ##.....
 Sandblast                Erth           #.....       100%        1    ##.....
 Passwall                 Tmut/Erth      #.......     100%        2    ###....
 Confuse                  Hex            #.......     100%        3    ####...
 Gell's Gravitas          Tloc           #.........   100%        3    ####...
 Stone Arrow              Conj/Erth      #.....       100%        3    ####...
 Petrify                  Tmut/Erth      #.......     100%        4    #####..
 Lee's Rapid Deconstruct  Erth           #.........   100%        5    ######.
 Metabolic Englaciation   Hex/Ice        #.........   100%        5    ######.
 Yara's Violent Unravell  Hex/Tmut       #.........   100%        5    ######.


Dungeon Overview and Level Annotations

Branches:
Dungeon (10/15)            Temple (1/1) D:5             Orc (0/2) D:10
Ossuary (visited)
   Lair: D:8-11

Altars:
Ashenzari
Cheibriados
Dithmenos
Elyvilon
Fedhas
Gozag
Hepliaklqana
Kikubaaqudgha
Makhleb
Nemelex Xobeh
Okawaru
Qazlal
Ru
Sif Muna
Trog
Uskayaw
Vehumet
Wu Jian
Xom
Yredelemnul
Zin
The Shining One

Shops:
D:7 (   D:8 =   D:10 *


Innate Abilities, Weirdness & Mutations

You have a pair of small horns on your head.
You are partially covered in yellow scales. (AC +2)
A weak demonic guardian rushes to your aid.
You regenerate a little health from kills.


Message History

The harpy skeleton completely misses you.
You block the harpy skeleton's attack. x2
You see here a quarterstaff.
You block the harpy skeleton's attack.
The harpy skeleton claws you but does no damage.
You block the harpy skeleton's attack. The harpy skeleton misses you.
The harpy skeleton misses you.
You block the harpy skeleton's attack. x3
The harpy skeleton claws your quasit.
The harpy skeleton claws your quasit! x2
Your quasit dies!
You block the harpy skeleton's attack. x2
The harpy skeleton closely misses you.
The harpy skeleton claws you but does no damage. x2
The harpy skeleton misses you.
The harpy skeleton closely misses you. x2
The harpy skeleton claws you!
* * * LOW HITPOINT WARNING * * *
The harpy skeleton claws you but does no damage.
The harpy skeleton misses you. You block the harpy skeleton's attack.
The harpy skeleton claws you!
You die...

#### ....
##################
........)..).....#
#######.########.#
#..# #.# ## ##.#
#@# .# #># #Z# .#
### #.# .# #.# .#
#.# .## #.# ..#
#4# ..# #.# ..#
#4#


You could see a hellwing and a harpy skeleton.

Vanquished Creatures
  Erica (D:8)
  A wolf spider zombie (D:10)
  3 gargoyles (D:8)
  A hornet (D:10)
  2 wyverns
  Grum (D:8)
  A hungry ghost (D:8)
  Menkaure (D:5)
  4 orc warriors
  A sky beast (D:4)
  An eye of draining (D:9)
  An ice beast (D:6)
  A necrophage (D:9)
  A phantom (D:7)
  2 wolves
  6 centaurs
  4 ogres
  A crocodile (D:10)
  A big kobold (D:8)
  3 bullfrogs
  A wyvern skeleton (D:9)
  2 scorpions (D:5)
  4 killer bees (D:9)
  A howler monkey (D:4)
  4 crimson imps
  A bullfrog zombie (D:5)
  2 centaur zombies
  A quasit (D:4)
  2 centaur skeletons (D:10)
  5 hounds
  8 orc priests
  An iguana (D:5)
  4 orc wizards
  A gnoll shaman (D:5)
  11 worker ants
  A killer bee zombie (D:5)
  9 mummies
  A howler monkey zombie (D:8)
  A hound skeleton (D:6)
  9 adders
  6 gnolls
  4 shadow imps
  5 oozes
  An adder zombie (D:7)
  2 worms (D:2)
  4 dart slugs
  9 leopard geckos
  32 orcs
  2 ball pythons (D:1)
  11 bats
  5 giant cockroaches
  7 goblins
  10 hobgoblins
  14 jackals
  15 kobolds
  4 quokkas
  A ball python zombie (D:5)
  2 frilled lizards
  2 gnoll zombies (Ossuary)
  2 hobgoblin zombies (Ossuary)
  A jackal skeleton (D:6)
  A jackal zombie (D:6)
  2 kobold zombies (Ossuary)
  A leopard gecko skeleton (D:8)
  2 orc zombies (Ossuary)
  A quokka skeleton (D:4)
  5 rats
257 creatures vanquished.

Vanquished Creatures (collateral kills)
  A gargoyle (D:8)
  Psyche (D:9)
  An ice beast (D:7)
  A wolf (D:8)
  2 ogres
  2 centaurs
  A bullfrog (D:6)
  A quasit (D:6)
  An orc wizard (D:10)
  An adder (D:6)
  2 orcs
  A kobold (D:7)
15 creatures vanquished.

Vanquished Creatures (others)
  An orc warrior (D:9)
  An orc (D:9)
  8 withered plants (D:10)
10 creatures vanquished.

Grand Total: 282 creatures vanquished

Notes
Turn   | Place    | Note
-------+----------+-------------------------------------------
     0 | D:1      | sking99 the Demonspawn Fighter began the quest for the Orb.
     0 | D:1      | Reached XP level 1. HP: 18/18 MP: 1/1
    70 | D:1      | Reached skill level 2 in Axes
   308 | D:1      | Gained mutation: You have a pair of small horns on your
                  | head. [demonic ancestry]
   308 | D:1      | Reached XP level 2. HP: 24/24 MP: 2/2
   562 | D:1      | Gained mutation: You regenerate a little health from kills.
                  | [demonic ancestry]
   562 | D:1      | Reached XP level 3. HP: 29/29 MP: 3/3
  1169 | D:2      | Reached skill level 3 in Axes
  1271 | D:2      | Gained mutation: You are partially covered in yellow
                  | scales. (AC +2) [demonic ancestry]
  1271 | D:2      | Reached XP level 4. HP: 34/35 MP: 4/4
  2045 | D:3      | Reached XP level 5. HP: 36/42 MP: 5/5
  2484 | D:3      | Reached skill level 4 in Axes
  3002 | D:4      | Reached XP level 6. HP: 38/48 MP: 6/6
  3008 | D:4      | Found a sand-covered staircase.
  3013 | Ossuary  | Entered an ossuary
  3668 | D:4      | Found a shimmering altar of Xom.
  3712 | D:4      | Noticed a sky beast
  3723 | D:4      | Killed a sky beast
  3723 | D:4      | Reached skill level 5 in Axes
  3723 | D:4      | Reached XP level 7. HP: 50/55 MP: 7/7
  4130 | D:5      | Entered Level 5 of the Dungeon
  4134 | D:5      | Reached skill level 5 in Fighting
  4373 | D:5      | Found a staircase to the Ecumenical Temple.
  4433 | Temple   | Entered the Ecumenical Temple
  4653 | Temple   | Became a worshipper of Qazlal Stormbringer
  4737 | D:5      | Reached skill level 6 in Axes
  4801 | D:5      | Noticed Menkaure
  4809 | D:5      | Killed Menkaure
  4809 | D:5      | Reached skill level 5 in Shields
  4809 | D:5      | Reached skill level 1 in Invocations
  4809 | D:5      | Gained mutation: A weak demonic guardian rushes to your
                  | aid. [demonic ancestry]
  4809 | D:5      | Reached XP level 8. HP: 39/62 MP: 7/9
  5565 | D:6      | Found an ornate altar of the Wu Jian Council.
  5577 | D:6      | Reached skill level 7 in Axes
  5725 | D:6      | Reached * piety under Qazlal
  5871 | D:6      | Reached XP level 9. HP: 48/68 MP: 12/12
  6046 | D:6      | Found a radiant altar of Vehumet.
  6047 | D:6      | Found an ancient bone altar of Kikubaaqudgha.
  6274 | D:7      | Reached skill level 5 in Invocations
  6277 | D:7      | Reached skill level 8 in Axes
  6524 | D:7      | Reached ** piety under Qazlal
  6664 | D:7      | Found Deacech's Antique Weapon Boutique.
  6907 | D:8      | Found a shattered altar of Ashenzari.
  6919 | D:8      | Noticed Grum
  7151 | D:8      | Killed Grum
  7274 | D:8      | Reached skill level 9 in Axes
  7416 | D:8      | Found Wesun's Jewellery Boutique.
  7731 | D:8      | Noticed Erica
  7743 | D:8      | Killed Erica
  7754 | D:8      | Reached XP level 10. HP: 49/74 MP: 15/15
  8109 | D:8      | Noticed a gargoyle
  8124 | D:8      | Noticed a gargoyle
  8124 | D:8      | Noticed a gargoyle
  8124 | D:8      | Noticed a gargoyle
  8125 | D:8      | Noticed a gargoyle
  8126 | D:8      | Noticed a gargoyle
  8134 | D:8      | Killed a gargoyle
  8402 | D:8      | Killed a gargoyle
  8736 | D:8      | Killed a gargoyle
  8736 | D:8      | Reached skill level 10 in Axes
  8857 | D:8      | Killed a gargoyle
  9113 | D:9      | Noticed Psyche
  9128 | D:9      | Killed Psyche
 10136 | D:9      | Found a snail-covered altar of Cheibriados.
 10272 | D:10     | Entered Level 10 of the Dungeon
 10298 | D:10     | Found Zepurgheck's General Store.
 10418 | D:10     | Paralysed by a hornet for 2 turns
 10558 | D:10     | Found a staircase to the Orcish Mines.
 10592 | D:10     | Reached skill level 11 in Axes
 10599 | D:10     | Reached XP level 11. HP: 38/80 MP: 13/18
 10624 | D:10     | Reached *** piety under Qazlal
 10861 | D:10     | Slain by a harpy skeleton

Levels and vault maps discovered:
D:1:      nicolae_arrival_washed_ashore, layout_loops_ring
D:2:      layout_rooms, first_ration, st_stairs_3
D:3:      minmay_wonky_spiral, layout_basic, minmay_misc_feat_rows, st_stairs_4
D:4:      layout_basic, enter_ossuary_2, lemuel_statue_altar
D:5:      layout_loops_cross, minmay_temple_entry_slanted,
          kennysheep_generic_room_7, uniq_menkaure
D:6:      layout_cave_pools, chequers_temple_overflow_statue_of_worship
D:7:      corexii_shack_village, layout_cave_pools, serial_shops,
          nicolae_shop_temple_entry_statues_fountains
D:8:      cheibrodos_statue_roulette, layout_loops_ring, serial_shops,
          kennysheep_mini, basic_altar, uniq_erica, uniq_grum
D:9:      layout_cave_pools, slow_altar_1, uniq_psyche
D:10:     cheibrodos_grave_circle, layout_basic, orc_0_dummy, serial_shops,
          shop, minmay_fire_ice_demons
Temple:   dpeg_five_rooms_temple

Skill      XL: |  1  2  3  4  5  6  7  8  9 10 |
---------------+-------------------------------+-----
Axes           | 2 3 4 5 6 7 9 11 | 11.1
Shields        | 3 4 5 7 8 |  8.3
Fighting       | 4 5 |  5.7
Invocations    | 1 4 7 9 |  9.5
Armour         | |  2.6

Action                   |  1- 3 |  4- 6 |  7- 9 | 10-12 || total
-------------------------+-------+-------+-------+-------++-------
Melee: War axe           |   106 |   228 |   374 |   264 ||   972
       Headbutt          |    13 |    42 |    72 |    71 ||   198
Invok: Upheaval          |       |       |       |     9 ||     9
  Use: Potion            |       |     1 |       |     1 ||     2
       Scroll            |       |    14 |     1 |     2 ||    17
 Stab: Distracted        |       |       |     1 |     2 ||     3
  Eat: Chunk             |     1 |     9 |    15 |     6 ||    31
       Ration            |       |       |       |     1 ||     1
Armor: Scale mail        |    40 |       |       |       ||    40
       Plate armour      |    15 |   165 |   286 |   134 ||   600
Dodge: Dodged            |    22 |    42 |    88 |   104 ||   256
Block: Shield            |    60 |   106 |   258 |   243 ||   667
